 Dungeon Crawl Stone Soup version 0.26.1-11-gd32895ea62 (webtiles) character file.

Game seed: 2959209636368134447

1383 protoss039 the Thaumaturge (level 8, -11/44 HPs)
             Began as a Deep Elf Earth Elementalist on July 11, 2021.
             Was a Believer of Sif Muna.
             Killed from afar by Maggie (23 damage)
             ... with a bolt of fire
             ... on level 7 of the Dungeon.
             The game lasted 00:14:54 (7695 turns).

protoss039 the Thaumaturge (DEEE)                   Turns: 7695, Time: 00:14:54

Health: -11/44     AC:  4    Str:  5    XL:     8   Next: 40%
Magic:  2/23       EV: 13    Int: 23    God:    Sif Muna [**....]
Gold:   679        SH:  0    Dex: 15    Spells: 10/25 levels left

rFire    . . .     SeeInvis .   i - +2 dagger (freeze)
rCold    . . .     Faith    .   (no shield)
rNeg     . . .     Spirit   .   c - +0 robe
rPois    .         Reflect  .   (no helmet)
rElec    .         Harm     .   B - +1 cloak
rCorr    .         Rampage  .   (no gloves)
Will     .....                  (no boots)
Stlth    ++........             t - amulet of the acrobat
HPRegen  0.14/turn              (no ring)
MPRegen  0.18/turn              (no ring)

@: no status effects
A: no striking features
a: Renounce Religion, Channel Magic


You were on level 7 of the Dungeon.
You worshipped Sif Muna.
Sif Muna was pleased with you.
You visited 2 branches of the dungeon, and saw 8 of its levels.
You also visited: Ossuary.

You collected 679 gold pieces.

Inventory:

Hand Weapons
 i - a +2 dagger of freezing (weapon)
Missiles
 b - 126 stones
Armour
 c - a +0 robe (worn)
 u - a +0 buckler
 B - a +1 cloak (worn)
Jewellery
 a - an uncursed ring of protection from cold {unknown}
 t - an amulet of the acrobat (around neck)
 y - an uncursed amulet of guardian spirit
Wands
 v - a wand of polymorph (8)
Scrolls
 e - 5 scrolls of remove curse
 f - 2 scrolls of blinking {unknown}
 g - 5 scrolls of teleportation
 j - a scroll of enchant weapon {unknown}
 k - a scroll of magic mapping {unknown}
 o - 2 scrolls of amnesia {unknown}
 q - 2 scrolls of identify
 s - a scroll of fear {unknown}
 D - a scroll of enchant armour {unknown}
 E - a scroll of fog {unknown}
Potions
 d - 2 potions of attraction {unknown}
 h - 2 potions of flight {unknown}
 l - a potion of might {unknown}
 m - 7 potions of curing
 n - 6 potions of heal wounds
 p - a potion of ambrosia {unknown}
 r - 4 potions of lignification
 w - 2 potions of degeneration {unknown}
 x - 3 potions of magic
 z - a potion of mutation {unknown}
 A - a potion of brilliance {unknown}
 C - a potion of haste


   Skills:
 - Level 2.0 Fighting
 - Level 2.5 Dodging
 - Level 2.5 Stealth
 + Level 9.2 Spellcasting
 * Level 2.0 Conjurations
 - Level 2.0 Transmutations
 + Level 7.5 Earth Magic
 * Level 2.8 Invocations


You had 10 spell levels left.
You knew the following spells:

 Your Spells              Type           Power        Failure   Level
a - Sandblast             Erth           90%          1%          1
b - Passwall              Tmut/Erth      26%          1%          2
c - Stone Arrow           Conj/Erth      64%          2%          3
d - Petrify               Tmut/Erth      32%          9%          4
e - Lee's Rapid Deconstr  Erth           22%          8%          5

Your spell library contained the following spells:

 Spells                   Type           Power        Failure   Level
 Summon Small Mammal      Summ           40%          6%          1
 Call Imp                 Summ           10%          10%         2
 Call Canine Familiar     Summ           10%          19%         3
 Summon Guardian Golem    Hex/Summ       10%          19%         3
 Summon Ice Beast         Ice/Summ       10%          52%         4
 Summon Lightning Spire   Summ/Air       10%          52%         4


Dungeon Overview and Level Annotations

Branches:
Dungeon (7/15)             Temple (1/1) D:4         Ossuary (visited)

Altars:
Ashenzari
Cheibriados
Dithmenos
Elyvilon
Fedhas
Gozag
Hepliaklqana
Kikubaaqudgha
Makhleb
Nemelex Xobeh
Okawaru
Qazlal
Sif Muna
Vehumet
Wu Jian
Xom
Yredelemnul
Zin

Shops:
D:4 :   D:5 [

Annotations:
D:7 Maggie


Message History

Aiming: Sandblast (safe; 1% risk of failure)
Press: ? - help, Shift-Dir - straight line, f - Maggie
Aim: Maggie, wielding a +4 halberd of protection, wearing +0 steam dragon scales and carrying a wand of random effects (21) (severely wounded, 17% to evade)
The blast of sand hits Maggie but does no damage.
Maggie is severely wounded.
Unknown command.
Press: ? - help, v - describe, . - travel
Here: Maggie, wielding a +4 halberd of protection, wearing +0 steam dragon scales and carrying a wand of random effects (21) (severely wounded)
The floor.
Casting: Sandblast (safe; 1% risk of failure)
Confirm with . or Enter, or press ? or * to list all spells.
Aiming: Stone Arrow (dangerous; 2% risk of failure)
Press: ? - help, Shift-Dir - straight line, f/p - Maggie
Aim: Maggie, wielding a +4 halberd of protection, wearing +0 steam dragon scales and carrying a wand of random effects (21) (severely wounded, 26% to evade)
The stone arrow hits Maggie!
Maggie is almost dead.
Maggie casts a spell at you. The bolt of fire hits you!!
Ouch! That really hurt!
You die...

#############
............#######
##.................
##..######........
##...#####..###....
#..#.......#### ###
#.....#.......##
...####(.......####
#.## #.........@.#
#.# ###.......###.@.#
..# #.........# ##..#
### #.#.......###
....
#..#.........######..
#.##......$#.#.... #
.. #.......#...#
.#### #########...#
.# #..<.#.#


You could see Maggie.

Vanquished Creatures
  A phantom (D:4)
  A sky beast (D:5)
  A centaur (D:5)
  2 bullfrogs (D:6)
  2 orc priests
  A bullfrog skeleton (D:4)
  3 hounds
  2 jellies
  A gnoll shaman (D:4)
  4 orc wizards
  A centaur skeleton (D:7)
  4 worker ants
  A big kobold zombie (Ossuary)
  8 mummies (Ossuary)
  A worker ant zombie (D:6)
  8 gnolls (D:4)
  12 adders
  A howler monkey skeleton (D:4)
  A shadow imp (D:5)
  A white imp (D:5)
  An ufetubus (D:6)
  2 oozes
  An adder skeleton (D:4)
  2 worms
  3 dart slugs
  5 leopard geckos
  14 orcs
  2 ball pythons
  5 giant cockroaches
  14 hobgoblins
  4 jackals (D:3)
  2 quokkas
  3 bats (D:1)
  4 frilled lizards
  8 goblins
  2 hobgoblin zombies (Ossuary)
  A jackal zombie (D:4)
  5 kobolds
  4 kobold zombies
  2 orc zombies (Ossuary)
  3 rats
143 creatures vanquished.

Notes
Turn   | Place    | Note
-------+----------+-------------------------------------------
     0 | D:1      | protoss039 the Deep Elf Earth Elementalist began the quest
                  | for the Orb.
     0 | D:1      | Reached XP level 1. HP: 10/10 MP: 6/6
   265 | D:1      | Reached XP level 2. HP: 15/15 MP: 5/8
  1136 | D:1      | Learned a level 2 spell: Passwall
  1246 | D:2      | Reached XP level 3. HP: 11/19 MP: 7/10
  1641 | D:2      | Reached skill level 4 in Spellcasting
  1788 | D:2      | Reached XP level 4. HP: 24/24 MP: 12/12
  2056 | D:2      | Found a hazy altar of Hepliaklqana.
  2096 | D:2      | Learned a level 3 spell: Stone Arrow
  2910 | D:3      | Found a shadowy altar of Dithmenos.
  2996 | D:3      | Reached skill level 5 in Spellcasting
  2996 | D:3      | Reached XP level 5. HP: 16/28 MP: 8/14
  3205 | D:3      | Reached skill level 5 in Earth Magic
  3441 | D:3      | Found a faded altar of an unknown god.
  3929 | D:3      | Learned a level 4 spell: Petrify
  3943 | D:4      | Found a white marble altar of Elyvilon.
  3952 | D:4      | Found a staircase to the Ecumenical Temple.
  3963 | Temple   | Entered the Ecumenical Temple
  3987 | Temple   | Became a worshipper of Sif Muna the Loreminder
  4114 | D:4      | Reached skill level 6 in Spellcasting
  4114 | D:4      | Reached skill level 1 in Conjurations
  4114 | D:4      | Reached XP level 6. HP: 32/32 MP: 5/17
  4233 | D:4      | Found Soab's Book Shoppe.
  4348 | D:4      | Noticed a green death
  4349 | D:4      | Found a burning altar of Makhleb.
  4359 | D:4      | Found a glowing silver altar of Zin.
  4360 | D:4      | Noticed an angel
  4451 | D:4      | Found a sand-covered staircase.
  4498 | Ossuary  | Entered an ossuary
  4596 | Ossuary  | Reached * piety under Sif Muna
  4701 | Ossuary  | Reached skill level 7 in Spellcasting
  4891 | Ossuary  | Reached XP level 7. HP: 36/36 MP: 16/19
  5215 | D:4      | Reached skill level 1 in Invocations
  5507 | D:4      | Learned a level 5 spell: Lee's Rapid Deconstruction
  5508 | D:5      | Entered Level 5 of the Dungeon
  5553 | D:5      | Found Xuxzyt's Armour Shop.
  5644 | D:5      | Reached skill level 1 in Fighting
  5873 | D:5      | Reached skill level 8 in Spellcasting
  6102 | D:5      | Reached ** piety under Sif Muna
  6116 | D:5      | Reached XP level 8. HP: 29/44 MP: 11/22
  7056 | D:6      | Reached skill level 9 in Spellcasting
  7684 | D:7      | Noticed Maggie
  7695 | D:7      | Killed from afar by Maggie

Illustrated notes

Levels and vault maps discovered:
D:1:      dpeg_arrival_connections, layout_basic
D:2:      layout_basic, lemuel_coloured_pillars_altar
D:3:      layout_loops_corners, lemuel_doored_altar,
          chequers_ecumenical_altar_simple
D:4:      layout_basic, grunt_temple_overflow_order_and_chaos_2,
          minmay_temple_entry_offerings, enter_ossuary_3, serial_shops, shop,
          elyvilon_altar_5
D:5:      layout_basic, serial_shops, shop
D:6:      layout_loops_cross, minmay_crossroads
D:7:      layout_rooms, kennysheep_mini_moat, uniq_maggie
Temple:   zaba_magenta_temple

Skill      XL: |  1  2  3  4  5  6  7  8 |
---------------+-------------------------+-----
Earth Magic    | 4 5 6 7 |  7.5
Transmutations | 2 |  2.0
Spellcasting   | 4 5 6 7 8 9 |  9.2
Conjurations   | 1 2 |  2.0
Invocations    | 2 |  2.8
Fighting       | 1 2 |  2.0
Dodging        | |  2.5
Stealth        | |  2.5

Action                   |  1- 3 |  4- 6 |  7- 9 || total
-------------------------+-------+-------+-------++-------
Melee: Unarmed           |     7 |       |       ||     7
       Dagger            |    43 |    77 |       ||   120
 Cast: Sandblast         |    26 |    65 |    59 ||   150
       Stone Arrow       |       |     8 |    33 ||    41
       Passwall          |       |     2 |       ||     2
       Lee's Rapid Decon |       |       |     6 ||     6
  Use: Scroll            |       |     2 |     5 ||     7
       Potion            |       |     1 |       ||     1
 Stab: Sleeping          |     7 |     2 |       ||     9
Armor: Robe              |     6 |     9 |     3 ||    18
Dodge: Dodged            |    37 |    47 |    14 ||    98
